[Event "Late-Titled-Tuesday-Blitz-September-26-2023"]
[Site "Chess.com"]
[Date "2023.09.26"]
[Round "3"]
[White "RichardLeyvaP"]
[Black "platy3"]
[Result "0-1"]
[WhiteElo "2631"]
[BlackElo "2882"]
[TimeControl "180+1"]
[EndTime "14:26:52 PDT"]
[Termination "platy3 won by resignation"]

1. e4 c5 2. Nf3 e6 3. d4 cxd4 4.
Nxd4 Nc6 5. Nc3 Qc7 6. f4 a6 7. Be3 b5 8. Nxc6 dxc6 9. Bd3 c5 10. a4 b4 11. Nb1 c4 12. Be2 Bb7 13. Bf3 Nf6 14. e5 Nd5 15. Bxd5 Bxd5 16. O-O Bc5 17. Qe2 c3 18. bxc3 Bc4 19. Qf2 Bxe3 20. Qxe3 Bxf1 21.
Kxf1 O-O 22. cxb4 Qxc2 23. Nd2 Rfd8 24. Ne4 Rd3 25. Qe2 Qxe2+ 26. Kxe2 Rd4 27. Ke3 Rxb4 28. Nd6 Rab8 29. g3 Rb3+ 30. Kd4 Rb2 31. Rc1 R2b4+ 32. Kd3 Rxa4 33. Rc7 Rf8 34. Ra7 a5 35. Ke3 Ra2 36. h4 a4 37. Kf3 a3 38. h5 Ra1 39.
Kg4 h6 40. Nb5 a2 41. Nc3 Rc8 42. Rxa2 Rxa2 43. Nxa2 Rc4 44. Kf3 f6 45. exf6 gxf6 46. Ke3 Kf7 47. Kd3 Rc5 48. g4 f5 49. g5 hxg5 50.
fxg5 f4 51. g6+ Kf6 52. Nc3 Rxh5 53. Ke4 e5 0-1

[Event "Late-Titled-Tuesday-Blitz-September-26-2023"]
[Site "Chess.com"]
[Date "2023.09.26"]
[Round "3"]
[White "ferdipy"]
[Black "zajka-molotok"]
[Result "0-1"]
[WhiteElo "2321"]
[BlackElo "2558"]
[TimeControl "180+1"]
[EndTime "14:26:53 PDT"]
[Termination "zajka-molotok won by resignation"]

1. e4 c5 2. d4 cxd4 3. c3 dxc3 4. Nxc3 d6 5. Bc4 Nc6 6. Nf3 a6 7. O-O Nf6 8. h3 e6 9. Qe2 Be7 10. Rd1 Bd7 11. Bf4 Qb8 12. Rac1 O-O 13. Bb3 Rd8 14. Rd2 Ne5 15. Nd4 b5 16. Bg3 Qb6 17. Kh2 Rac8 18. f4 Nc4 19. Rd3 Be8 20. Rcd1 b4 21. Na4 Qa5 22. Bxc4 Rxc4 23. b3 Rcc8 24. Nb2 Bb5 25. Nxb5 axb5 26. R1d2 d5 27. exd5 Rxd5 28. Rxd5 Nxd5 29.
Rxd5 exd5 30. Qxe7 Qxa2 31. Nd3 Qxb3 32. Nxb4 d4 33. Qd7 Qc4 34. Nd5 Rf8 35. Ne7+ Kh8 36. Nf5 d3 37. Bf2 Qxf4+ 38. Bg3 Qe4 39. Qxb5 d2 40.
Qb3 Qxf5 41. Qd1 Rd8 0-1

[Event "Late-Titled-Tuesday-Blitz-September-26-2023"]
[Site "Chess.com"]
[Date "2023.09.26"]
[Round "3"]
[White "SpeedofLight0"]
[Black "DonkyDonkyDonkey"]
[Result "1-0"]
[WhiteElo "3054"]
[BlackElo "2754"]
[TimeControl "180+1"]
[EndTime "14:26:55 PDT"]
[Termination "SpeedofLight0 won by resignation"]

1. d4 Nf6 2. c4 e6 3. Nf3 d5 4. g3 Bb4+ 5. Bd2 Bd6 6. Bg2 c6 7. O-O O-O 8. Qc2 Nbd7 9. a4 Ne4 10.
Rd1 f5 11. a5 a6 12. Nc3 Nxc3 13. Qxc3 Nf6 14. Ne5 Ne4 15. Bxe4 fxe4 16. f3 Bxe5 17.
dxe5 d4 18. Qa3 d3 19. Be3 Qe8 20. fxe4 dxe2 21. Re1 Qh5 22. Qd3 Qxe5 23. Rxe2 Rf7 24. Rf2 Rd7 25. Qa3 Rd8 26. Qe7 Bd7 27. Rd1 Qxe4 28.
Qf7+ Kh8 29. Bb6 Re8 30. Rxd7 Rg8 31. Qf4 Qb1+ 32. Kg2 e5 33. Qxe5 Rae8 34. Qf5 Qc1 35. Bd4 Qxc4 36. Bc3 h6 37. Qg6 Qe4+ 38. Qxe4 Rxe4 39.
Rxb7 Re7 40. Rxe7 1-0

[Event "Late-Titled-Tuesday-Blitz-September-26-2023"]
[Site "Chess.com"]
[Date "2023.09.26"]
[Round "3"]
[White "h4parah5"]
[Black "GothamChess"]
[Result "0-1"]
[WhiteElo "2949"]
[BlackElo "2716"]
[TimeControl "180+1"]
[EndTime "14:26:56 PDT"]
[Termination "GothamChess won by resignation"]

1. Nf3 g6 2. g3 Bg7 3. d4 d6 4. c4 Nc6 5. Nc3 Bg4 6. d5 Ne5 7. Nxe5 Bxe5 8. Bg2 h5 9. h3 Bd7 10. e4 c6 11. O-O Qa5 12. Be3 Nf6 13. Qb3 cxd5 14.
cxd5 O-O 15. Rac1 Rfc8 16. f4 Bxc3 17. Rxc3 Rxc3 18. bxc3 Qb5 19. c4 Qxb3 20. axb3 b6 21. Ra1 a6 22. Bxb6 Rb8 23. c5 dxc5 24. Bxc5 Rxb3 25.
Bxe7 Nxe4 26. Rxa6 Rb1+ 27. Kh2 Rb2 28. Ra8+ Kg7 29.
Ba3 Re2 30. Bf8+ Kh7 31. Ra1 Nd2 32. Bb4 Bf5 33. Bxd2 Be4 34. Kg1 Rxg2+ 0-1

[Event "Late-Titled-Tuesday-Blitz-September-26-2023"]
[Site "Chess.com"]
[Date "2023.09.26"]
[Round "3"]
[White "Defend1r"]
[Black "mitrabhaa"]
[Result "0-1"]
[WhiteElo "2517"]
[BlackElo "2836"]
[TimeControl "180+1"]
[EndTime "14:26:56 PDT"]
[Termination "mitrabhaa won by resignation"]

1. e4 c6 2. d4 d5 3. e5 Bf5 4. h4 h5 5. Bd3 Bxd3 6. Qxd3 Qa5+ 7. Nd2 e6 8. Nf3 Ne7 9. O-O Nf5 10. c4 Be7 11. cxd5 Qxd5 12. g3 Nd7 13. Ne4 O-O 14. Nc3 Qa5 15. Bg5 Bxg5 16. hxg5 g6 17. a3 Rad8 18.
b4 Nxe5 19. bxa5 Nxd3 20. Rab1 c5 21. Rxb7 cxd4 22. Ne4 Nd6 23. Nf6+ Kg7 24. Rxa7 Nf5 25. Rd1 Nb2 26. Rd2 Nc4 27. Rd3 e5 28. a6 Rb8 29.
Rc7 Rb1+ 30. Kg2 Rc1 31. Nd5 e4 32. a7 exd3 33. Rb7 Ra8 34. Nc7 Nfd6 35. Nxa8 Nxb7 36.
a4 Ra1 37. Nd2 Rxa4 38. Nxc4 Rxa7 39. Nab6 Ra2 40. Kf3 Nc5 41. Nd5 d2 42. Ke2 d3+ 43. Kd1 Ne4 0-1

[Event "Late-Titled-Tuesday-Blitz-September-26-2023"]
[Site "Chess.com"]
[Date "2023.09.26"]
[Round "3"]
[White "Ykow"]
[Black "Polish_fighter3000"]
[Result "0-1"]
[WhiteElo "2502"]
[BlackElo "3075"]
[TimeControl "180+1"]
[EndTime "14:26:56 PDT"]
[Termination "Polish_fighter3000 won by resignation"]

1. e4 Nf6 2. e5 Nd5 3. d4 d6 4.
Nf3 dxe5 5. Nxe5 c6 6. Nd2 Nd7 7. Ndf3 Nxe5 8. Nxe5 g6 9. c3 Bg7 10. Bc4 Be6 11. O-O f6 12. Bxd5 cxd5 13. Nd3 O-O 14.
Re1 Bf7 15. Nc5 e5 16. Nxb7 Qc7 17. Nc5 e4 18. b3 f5 19. Bb2 g5 20. Rc1 Rad8 21.
f3 Rfe8 22. c4 dxc4 23. fxe4 Qxc5 24. dxc5 Rxd1 25. Rcxd1 Bxb2 26. bxc4 fxe4 27. c6 Rc8 28. Rxe4 Rxc6 29. Rd7 Rxc4 30. Ree7 Rf4 31. h3 Bd4+ 32.
Kh2 Bb6 33. Re5 h6 34. Ree7 Kg7 35. a4 Rf6 36. h4 gxh4 37. a5 Bf2 38. Kh3 Kg6 39.
Rc7 Be6+ 40. Kh2 Bg3+ 41. Kg1 Bxc7 42. Rxc7 a6 43. Rc6 Bf5 44. Rc5 Kg5 45. Kf2 h5 46.
Rc4 h3 47. Rc5 h2 48. Ke3 h1=Q 0-1

[Event "Late-Titled-Tuesday-Blitz-September-26-2023"]
[Site "Chess.com"]
[Date "2023.09.26"]
[Round "3"]
[White "BillieKimbah"]
[Black "Giorno"]
[Result "1-0"]
[WhiteElo "2970"]
[BlackElo "2499"]
[TimeControl "180+1"]
[EndTime "14:26:57 PDT"]
[Termination "BillieKimbah won by resignation"]

1. d4 Nf6 2. Nf3 b6 3. Bg5 Bb7 4. Nbd2 c5 5. Bxf6 exf6 6. e3 Be7 7. Bd3 O-O 8. c3 Re8 9. O-O g6 10. a4 Nc6 11. Re1 f5 12. g3 Bf6 13. Qb3 Na5 14. Qc2 Qc7 15. Bf1 Rac8 16. Bg2 cxd4 17. exd4 Bd5 18.
Qd3 Nc4 19. Nxc4 Bxc4 20. Qc2 Bd5 21. Rxe8+ Rxe8 22. Re1 Be4 23. Qd1 Rb8 24. Nd2 Bxg2 25. Kxg2 b5 26. a5 Qxa5 27. Qf3 b4 28. Nc4 Qc7 29. Qd5 bxc3 30. bxc3 Qc6 31. Qxc6 dxc6 32. Ra1 c5 33. d5 Bxc3 34. Rxa7 Rb4 35. Nd6 Rd4 36.
Nb5 Rc4 37. d6 Bf6 38. d7 Kg7 39. Nd6 Rd4 40. Ne8+ Kf8 41. Nxf6 Ke7 42. Ra8 1-0

[Event "Late-Titled-Tuesday-Blitz-September-26-2023"]
[Site "Chess.com"]
[Date "2023.09.26"]
[Round "3"]
[White "Njal28"]
[Black "KaydenTroffChess"]
[Result "1-0"]
[WhiteElo "3093"]
[BlackElo "2788"]
[TimeControl "180+1"]
[EndTime "14:26:58 PDT"]
[Termination "Njal28 won by resignation"]

1. e4 c5 2. Nc3 g6 3. h4 h6 4. h5 g5 5. Bc4 Bg7 6. d3 e6 7. f4 gxf4 8. Bxf4 a6 9. a4 Ne7 10. Nf3 d5 11. Ba2 d4 12. Ne2 Nbc6 13. O-O b5 14.
Qe1 Bb7 15. Qh4 Qd7 16. Bb3 b4 17. a5 Na7 18. Ne5 Bxe5 19. Bxe5 Rh7 20. Bf6 Bc6 21. Rf3 Bb5 22. Raf1 Nac6 23. Nf4 O-O-O 24. Qh3 Kb7 25. Rg3 Rg8 26. Rxg8 Nxg8 27. Bh4 Nge7 28. Nd5 Rg7 29. Bf6 Rg8 30. Bxe7 Nxe7 31. Nf6 Qd8 32. Nxg8 Qxg8 33.
Qf3 Be8 34. Qf6 Nc6 35. Qxh6 Qg4 36. Qf8 Bd7 37. Qxf7 Ne5 38. Bxe6 Qxe6 39. Qxe6 Bxe6 40. h6 Bd7 41. h7 Ng6 42. Rf6 Nh8 43. Rf8 Ng6 44.
Rg8 1-0

[Event "Late-Titled-Tuesday-Blitz-September-26-2023"]
[Site "Chess.com"]
[Date "2023.09.26"]
[Round "3"]
[White "JoakimVonAnd"]
[Black "Mykola-Bortnyk"]
[Result "1-0"]
[WhiteElo "2730"]
[BlackElo "2971"]
[TimeControl "180+1"]
[EndTime "14:26:58 PDT"]
[Termination "JoakimVonAnd won by resignation"]

1. d4 f5 2. Nf3 Nf6 3. Bf4 e6 4. e3 b6 5. Nbd2 Bb7 6. Bd3 Be7 7. h3 O-O 8. O-O d6 9. c3 Qe8 10. Qc2 Nbd7 11. Bg3 Nh5 12. Bh2 Bd8 13. Rfe1 Kh8 14.
e4 f4 15. e5 dxe5 16. Bxh7 Rf6 17. dxe5 Rh6 18. Be4 Bxe4 19. Qxe4 Rc8 20. Nb3 Qf7 21. Rad1 Nf8 22. Nbd4 Be7 23. Qb7 Re8 24. Qxc7 Rg6 25.
Nc6 Ng3 26. Nxe7 Rxe7 27. Qc4 Rc7 28. Qd4 b5 29. fxg3 fxg3 30. Bxg3 b4 31. Qxb4 Kg8 32. Qf4 Qe8 33. Rd4 Rf7 34. Qh4 Rh6 35. Qe4 Rg6 36.
Bh4 Rf5 37. Red1 Qf7 38. R1d3 a5 39. Rd8 Rf4 40. Rxf8+ Qxf8 41. Qxg6 1-0

[Event "Late-Titled-Tuesday-Blitz-September-26-2023"]
[Site "Chess.com"]
[Date "2023.09.26"]
[Round "3"]
[White "Cambek64"]
[Black "Mesa_1"]
[Result "1-0"]
[WhiteElo "2476"]
[BlackElo "2631"]
[TimeControl "180+1"]
[EndTime "14:26:58 PDT"]
[Termination "Cambek64 won by checkmate"]

1. g3 e5 2. c4 Nf6 3. Bg2 g6 4.
Nc3 Bg7 5. d3 O-O 6. Nf3 Re8 7.
e4 Nc6 8. O-O d6 9. h3 a5 10. Kh2 Nd7 11. Nd5 Nc5 12. Be3 Ne6 13. Qd2 Ncd4 14. Ng5 c6 15. Nxe6 Bxe6 16. Nc3 Rb8 17.
Rac1 b5 18. b3 Qd7 19. cxb5 cxb5 20. f4 exf4 21. gxf4 f5 22. Nd5 Bxd5 23. exd5 b4 24. Rc4 Nb5 25. Bf2 Nc3 26. Re1 Rxe1 27. Bxe1 Re8 28. Bf3 Qd8 29. Rc6 Bf6 30. Bf2 Bh4 31. Kg2 Bxf2 32. Qxf2 Qf6 33. Qb6 Qh4 34. Rxd6 Ne2 35.
Bxe2 Rxe2+ 36. Kf3 Qh5+ 37. Kg3 Re1 38. Qd8+ Kg7 39.
Rd7+ Kh6 40. Qf8# 1-0

[Event "Late-Titled-Tuesday-Blitz-September-26-2023"]
[Site "Chess.com"]
[Date "2023.09.26"]
[Round "3"]
[White "Orest_Vovk"]
[Black "rikchessmx"]
[Result "1-0"]
[WhiteElo "2567"]
[BlackElo "2361"]
[TimeControl "180+1"]
[EndTime "14:26:58 PDT"]
[Termination "Orest_Vovk won by resignation"]

1. h4 d5 2. h5 h6 3. e4 dxe4 4. Nc3 Nf6 5. Qe2 Qd4 6. Rh4 Nc6 7. Nxe4 Nxe4 8. Rxe4 Qc5 9. Rc4 Qb6 10. Nf3 Be6 11.
Rh4 O-O-O 12. Qb5 Qxb5 13. Bxb5 Bd5 14. Bxc6 Bxc6 15. Ne5 Be8 16. Rf4 f6 17. Ng6 Bxg6 18. hxg6 e5 19. Rc4 a6 20. d3 b5 21. Rh4 Bc5 22.
a4 b4 23. Rc4 Bd6 24. a5 Kd7 25. Be3 Rb8 26. b3 f5 27. Ke2 Rb5 28. f4 Re8 29.
Kf3 Re6 30. fxe5 Bxe5 31. Bd4 Bxd4 32. Rxd4+ Ke7 33. Ra4 c5 34. Rd5 Kf6 35. Kf4 Kxg6 36. Rxf5 Re2 37. Rd5 Rxc2 38. Rd6+ Kh7 39. Rxa6 Rc3 40.
Rb6 Rxb6 41. axb6 Rxd3 42. b7 Rd4+ 43. Ke5 Rd8 44. Ra8 c4 45. Rxd8 cxb3 46. b8=Q b2 47. Rh8+ Kg6 48. Qd6+ Kg5 49. Qd2+ Kg4 50. Qxb2 b3 51.
Qxb3 1-0

[Event "Late-Titled-Tuesday-Blitz-September-26-2023"]
[Site "Chess.com"]
[Date "2023.09.26"]
[Round "3"]
[White "FMVolodymyrSakun"]
[Black "PNEPaul"]
[Result "1-0"]
[WhiteElo "2649"]
[BlackElo "1950"]
[TimeControl "180+1"]
[EndTime "14:26:58 PDT"]
[Termination "FMVolodymyrSakun won on time"]

1. e4 e5 2. d4 exd4 3. Nf3 Nc6 4. Bc4 Be7 5. c3 d6 6. cxd4 Nf6 7. Nc3 O-O 8. d5 Ne5 9. Be2 Nxf3+ 10. Bxf3 Nd7 11.
O-O Ne5 12. Be2 f5 13. f4 Ng6 14. Bd3 fxe4 15. Bxe4 Bf5 16. Qd3 Bxe4 17. Nxe4 Qd7 18. Bd2 Rae8 19. Rae1 Qg4 20. h3 Qd7 21. Kh2 Nh4 22. g4 Ng6 23. Re2 Bh4 24. f5 Ne5 25. Qb3 b6 26. Kg2 a5 27. Bg5 Bxg5 28. Nxg5 h6 29. Ne6 Rf6 30. Rc1 Rc8 31. Rec2 Rf7 32. Rxc7 Rxc7 33. Rxc7 1-0

[Event "Late-Titled-Tuesday-Blitz-September-26-2023"]
[Site "Chess.com"]
[Date "2023.09.26"]
[Round "3"]
[White "protectiago"]
[Black "JoshWeinstein"]
[Result "0-1"]
[WhiteElo "2056"]
[BlackElo "2345"]
[TimeControl "180+1"]
[EndTime "14:26:59 PDT"]
[Termination "JoshWeinstein won by resignation"]

1. d4 Nf6 2. c4 g6 3. Nc3 d5 4.
cxd5 Nxd5 5. e4 Nxc3 6. bxc3 Bg7 7. Nf3 c5 8. Be3 O-O 9. Rc1 Bg4 10. Be2 Nc6 11. d5 Bxf3 12. Bxf3 Ne5 13. Be2 Qc7 14. c4 Qa5+ 15. Qd2 Qxd2+ 16. Kxd2 Rfd8 17.
f4 Nd7 18. e5 b5 19. Rhd1 bxc4 20. Bxc4 Nb6 21. Ke2 Rac8 22. Ba6 Rc7 23. Rxc5 Rcd7 24.
Bb5 Rxd5 25. Rcxd5 Nxd5 26. Kf3 e6 27. Bxa7 Ra8 28.
Bd4 Rxa2 29. Rd3 Bh6 30. g3 Rxh2 31. Bc4 Ne7 32. Rb3 Bf8 33. Rb8 Nc6 34. Rd8 Nxd8 0-1

[Event "Late-Titled-Tuesday-Blitz-September-26-2023"]
[Site "Chess.com"]
[Date "2023.09.26"]
[Round "3"]
[White "Dacean99"]
[Black "falzehope0"]
[Result "1-0"]
[WhiteElo "2564"]
[BlackElo "2345"]
[TimeControl "180+1"]
[EndTime "14:27:01 PDT"]
[Termination "Dacean99 won on time"]

1. d4 e6 2. Nf3 d5 3. c4 c6 4. Nc3 f5 5. Bf4 Ne7 6. e3 Ng6 7. Bg3 Be7 8. Ne5 Nxe5 9. Bxe5 O-O 10. Be2 Nd7 11. Bg3 Nf6 12. Qb3 Kh8 13. h4 b6 14. h5 h6 15. Rc1 Bb7 16. cxd5 exd5 17. Be5 Nd7 18. Bf4 Bf6 19. Bf3 Re8 20. Qc2 Bxd4 21.
Qxf5 Nf6 22. Qg6 Qe7 23. O-O Be5 24. Ne2 c5 25. Bxe5 Qxe5 26. Nf4 Kg8 27. b4 Rac8 28. bxc5 bxc5 29. Rfd1 Red8 30. Rd2 Ba8 31. Rdc2 c4 32. Rd1 d4 33. Bxa8 d3 34. Rcc1 Rxa8 35. Rxc4 d2 36.
Qc2 Rab8 37. Rc5 Qd6 38. Rc6 Qe5 39. Qc4+ Kh7 40. Re6 Qb2 41. Nd3 Qa3 42. Rxf6 1-0

[Event "Late-Titled-Tuesday-Blitz-September-26-2023"]
[Site "Chess.com"]
[Date "2023.09.26"]
[Round "3"]
[White "schack_vit"]
[Black "aranibos"]
[Result "1-0"]
[WhiteElo "2461"]
[BlackElo "2290"]
[TimeControl "180+1"]
[EndTime "14:27:01 PDT"]
[Termination "schack_vit won on time"]

1. c4 e5 2. g3 Nf6 3. Bg2 d5 4.
cxd5 Nxd5 5. Nf3 Nc6 6. O-O Be7 7. d4 e4 8. Ne5 Nf6 9. Nxc6 bxc6 10. Nc3 Bf5 11. Bg5 O-O 12. e3 Nd5 13. Bxe7 Qxe7 14. Rc1 Rab8 15. Na4 Qe6 16. a3 Bh3 17. Nc5 Qc8 18.
b4 Bxg2 19. Kxg2 Qf5 20. h3 h5 21. g4 hxg4 22. Qxg4 Qh7 23. Qxe4 f5 24. Qe6+ Kh8 25. Qxc6 Nf6 26. Qf3 Rb6 27. Rg1 Nh5 28. Kf1 Rg6 29. Rxg6 Qxg6 30. Ke2 f4 31. e4 Rd8 32. d5 Re8 33. Ne6 Nf6 34. Rc4 Re7 35. Qxf4 1-0

[Event "Late-Titled-Tuesday-Blitz-September-26-2023"]
[Site "Chess.com"]
[Date "2023.09.26"]
[Round "3"]
[White "dzilleruelo"]
[Black "DonJuanEGenaro"]
[Result "1-0"]
[WhiteElo "2319"]
[BlackElo "1866"]
[TimeControl "180+1"]
[EndTime "14:27:02 PDT"]
[Termination "dzilleruelo won on time"]

1. e4 c5 2. Nf3 Nc6 3. Bb5 e6 4. Bxc6 bxc6 5. O-O d5 6. Qe2 Nf6 7. d3 Be7 8. b3 a5 9. a4 Ba6 10. Nbd2 O-O 11. Re1 Qc7 12. Bb2 d4 13. h3 e5 14.
Nh2 g6 15. Rf1 Nh5 16. g3 Qd7 17. Qg4 Qd6 18. Kg2 f5 19. exf5 Rxf5 20. Ne4 Qd5 21. Qe2 Raf8 22. Bc1 Bc8 23. g4 Nf4+ 24. Bxf4 Rxf4 25. f3 Qe6 26. Qd2 Bd8 27. Nxc5 Qe7 28.
Ne4 Qh4 29. Qf2 Qh6 30. Qd2 Be6 31. Rae1 Bd5 32. Re2 Bxe4 33. Rxe4 Rxg4+ 34. Nxg4 Qxd2+ 35. Rf2 Qd1 36. Rfe2 Bc7 37. h4 h5 38. Nf2 Qc1 39. Nh3 Rf5 40. Rf2 1-0

[Event "Late-Titled-Tuesday-Blitz-September-26-2023"]
[Site "Chess.com"]
[Date "2023.09.26"]
[Round "3"]
[White "Haykoooo0o"]
[Black "bettercallcafu"]
[Result "0-1"]
[WhiteElo "2465"]
[BlackElo "2684"]
[TimeControl "180+1"]
[EndTime "14:27:03 PDT"]
[Termination "bettercallcafu won by resignation"]

1. d4 Nf6 2. Nf3 g6 3. Bf4 Bg7 4. h3 O-O 5. e3 d6 6. c3 b6 7.
Be2 Bb7 8. O-O Nbd7 9. Bh2 Qe8 10. Nbd2 e5 11. Nc4 e4 12. Nfd2 Qe7 13. Na3 h5 14. Nb5 Rfc8 15. c4 a6 16. Nc3 c5 17.
Nb3 Nf8 18. Na4 N6d7 19. dxc5 dxc5 20. Bd6 Qe6 21. Qd2 Nh7 22. Rfd1 Bc6 23. Nc3 Ne5 24. Bxe5 Bxe5 25. Nd5 Bxd5 26. cxd5 Qd6 27. Qc2 Nf6 28. Nd2 Re8 29. Nc4 Qc7 30. d6 Qc6 31. Nxe5 Rxe5 32.
Qc3 Re6 33. Bc4 Rxd6 34. Qe5 Rxd1+ 35. Rxd1 Re8 36. Qg5 Kg7 37. Bxa6 b5 38. Rc1 Qxa6 39. Rxc5 b4 40. Ra5 Qc4 41. a3 b3 42. Rb5 Qc1+ 43. Kh2 Qxb2 44. Rb6 Qc3 45. Qf4 Nd5 46. Qxe4 Rxe4 0-1

[Event "Late-Titled-Tuesday-Blitz-September-26-2023"]
[Site "Chess.com"]
[Date "2023.09.26"]
[Round "3"]
[White "A-Fier"]
[Black "dropstoneDP"]
[Result "0-1"]
[WhiteElo "2795"]
[BlackElo "3111"]
[TimeControl "180+1"]
[EndTime "14:27:04 PDT"]
[Termination "dropstoneDP won by resignation"]

1. d4 Nf6 2. Bg5 d5 3. Bxf6 gxf6 4. Nc3 c6 5. e3 h5 6. Nf3 h4 7. Qd2 Bg4 8. O-O-O h3 9. Kb1 Nd7 10. e4 dxe4 11. Nxe4 Qc7 12. Qe3 hxg2 13. Bxg2 Bh6 14. Qa3 f5 15. Ng3 e6 16. Rhe1 Bf8 17. Qb3 O-O-O 18.
Rd3 Bxf3 19. Bxf3 Rxh2 20. Rf1 Nf6 21. Qa4 Kb8 22. Rb3 Nd5 23. Ne2 Be7 24. c4 Nb6 25.
Qa5 Nxc4 26. Qc3 Nb6 27. Qe3 Bf6 28. Rd1 Ka8 29. a4 Rh4 30. a5 Nc4 31. Qc3 Nxa5 32. Ra3 b6 33. b4 Nb7 34. Bxc6 Kb8 35. Rc1 Nd6 36. Qf3 Bg5 37. Rc2 Ne4 38. Qd3 Rh1+ 39. Kb2 Bf6 40. Qa6 Rxd4 41. Nxd4 Bxd4+ 42. Ka2 Ra1+ 43. Kb3 Rb1+ 44. Ka4 Bc5 45. bxc5 Qxc6+ 0-1

[Event "Late-Titled-Tuesday-Blitz-September-26-2023"]
[Site "Chess.com"]
[Date "2023.09.26"]
[Round "3"]
[White "snowlord"]
[Black "korason34"]
[Result "1-0"]
[WhiteElo "2893"]
[BlackElo "2652"]
[TimeControl "180+1"]
[EndTime "14:27:04 PDT"]
[Termination "snowlord won on time"]

1. Nf3 Nf6 2. d3 c5 3. g3 d6 4.
Bg2 g6 5. O-O Bg7 6. e4 Nc6 7.
c3 O-O 8. Re1 Rb8 9. d4 cxd4 10.
cxd4 e5 11. d5 Ne7 12. Na3 b5 13. Nc2 h6 14. a4 b4 15. b3 a5 16. Nd2 Nd7 17.
Ne3 f5 18. Ndc4 Nc5 19. exf5 gxf5 20. Bb2 f4 21. Ng4 Ng6 22. Rc1 Nxb3 23. Ngxe5 dxe5 24.
Qxb3 Qg5 25. d6 Be6 26. Qd3 Rbd8 27. Nd2 fxg3 28. hxg3 Qh5 29. Rc5 Bh3 30. Bxh3 Qxh3 31. Qxg6 Rxf2 32. Kxf2 Rf8+ 33. Ke3 Qg2 34. Rc7 Qf2+ 35.
Kd3 e4+ 36. Rxe4 1-0

[Event "Late-Titled-Tuesday-Blitz-September-26-2023"]
[Site "Chess.com"]
[Date "2023.09.26"]
[Round "3"]
[White "Journey_to_GrandMaster_YT"]
[Black "Chessdude1987"]
[Result "1-0"]
[WhiteElo "2617"]
[BlackElo "2430"]
[TimeControl "180+1"]
[EndTime "14:27:07 PDT"]
[Termination "Journey_to_GrandMaster_YT won on time"]

1. d4 e6 2. Nf3 f5 3. d5 Bb4+ 4. c3 Bd6 5. dxe6 dxe6 6. Nbd2 Nf6 7. Nc4 O-O 8. Nxd6 cxd6 9. g3 Nc6 10. Bg2 h6 11. O-O e5 12. Nd2 Be6 13. e4 f4 14.
gxf4 exf4 15. Nb3 Ng4 16. f3 Ne3 17. Bxe3 fxe3 18. Nd4 Bc4 19. Re1 Qg5 20. Qc1 Ne5 21.
Qxe3 Rf4 22. b3 Bf7 23. Kh1 Rf8 24. Ne2 Bh5 25. Rg1 Qh4 26. Nxf4 Rxf4 27. Raf1 Kh7 28.
Qe1 Qf6 29. Qg3 1-0

[Event "Late-Titled-Tuesday-Blitz-September-26-2023"]
[Site "Chess.com"]
[Date "2023.09.26"]
[Round "3"]
[White "ArtemDyachuk"]
[Black "dcremisi"]
[Result "0-1"]
[WhiteElo "2684"]
[BlackElo "2546"]
[TimeControl "180+1"]
[EndTime "14:27:11 PDT"]
[Termination "dcremisi won on time"]

1. e4 e6 2. d4 d5 3. e5 c5 4. c3 Nc6 5. Nf3 Qb6 6. a3 Nh6 7. b4 cxd4 8. Bxh6 gxh6 9. cxd4 Bg7 10. Be2 O-O 11. O-O f6 12. b5 Ne7 13. Re1 fxe5 14.
dxe5 Ng6 15. Bd3 Bd7 16. Nc3 Rac8 17. Rc1 Rf4 18. Bxg6 hxg6 19. Ne2 Rfc4 20. Rxc4 Rxc4 21. Qd3 g5 22. Qg6 Re4 23. Ng3 Rxe1+ 24. Nxe1 Qa5 25. Nf3 Qxa3 26. h4 Qf8 27. Nh5 Be8 28. Nf6+ Qxf6 29.
Qxe8+ Qf8 30. Qxe6+ Qf7 31. Qc8+ Qf8 32. Qe6+ Qf7 33.
Qc8+ Qf8 34. Qxb7 g4 35. Qxd5+ Qf7 36. Qa8+ Kh7 37. Qe4+ Qg6 38. Qxg6+ Kxg6 39. Nh2 Kf5 40. f4 Kxf4 41. e6 Bf6 42. Kf2 g3+ 43. Kg1 gxh2+ 0-1

[Event "Late-Titled-Tuesday-Blitz-September-26-2023"]
[Site "Chess.com"]
[Date "2023.09.26"]
[Round "3"]
[White "szachmistrz2500"]
[Black "glebus008"]
[Result "1/2-1/2"]
[WhiteElo "2441"]
[BlackElo "2277"]
[TimeControl "180+1"]
[EndTime "14:27:11 PDT"]
[Termination "Game drawn by stalemate"]

1. Nf3 Nf6 2. g3 g6 3. Bg2 Bg7 4. O-O O-O 5. d3 d6 6. e4 e5 7. c3 c6 8. Re1 b5 9. h3 Nbd7 10. d4 Qc7 11. a4 bxa4 12. Qxa4 Re8 13. Nbd2 h5 14. Ng5 Bb7 15. Nc4 Nb6 16. Qa2 Nxc4 17.
Qxc4 exd4 18. cxd4 d5 19. Qc3 Nxe4 20. Nxe4 dxe4 21.
Bxe4 c5 22. Bf4 Qb6 23. Bxb7 Qxb7 24. Rxe8+ Rxe8 25. Qxc5 Qxb2 26. Rd1 Qe2 27. Qc1 a5 28. d5 h4 29. gxh4 Bb2 30. Qd2 Qxd2 31. Rxd2 Bc1 32.
Rd4 Bxf4 33. Rxf4 Re1+ 34. Kg2 Rd1 35. Ra4 Rxd5 36. Kf3 Kg7 37. Kg4 Rb5 38. f4 Rb3 39. h5 gxh5+ 40. Kxh5 Rxh3+ 41. Kg4 Rb3 42. Rxa5 Rb6 43.
Rg5+ Rg6 44. Kf5 Rxg5+ 45. fxg5 f6 46. g6 Kg8 47. Kxf6 Kf8 48. Kg5 Kg7 49. Kh5 Kg8 50. Kh6 Kh8 51. g7+ Kg8 52. Kg6 1/2-1/2

[Event "Late-Titled-Tuesday-Blitz-September-26-2023"]
[Site "Chess.com"]
[Date "2023.09.26"]
[Round "3"]
[White "RonArtest77"]
[Black "emeli_chess"]
[Result "1/2-1/2"]
[WhiteElo "2490"]
[BlackElo "2364"]
[TimeControl "180+1"]
[EndTime "14:27:14 PDT"]
[Termination "Game drawn by repetition"]

1. d4 Nf6 2. Bg5 e6 3. Nd2 h6 4. Bh4 c5 5. e4 cxd4 6. e5 g5 7. Bg3 Nd5 8. Bc4 Qa5 9. Nf3 Nc6 10. O-O g4 11. Ne1 h5 12. Nb3 Qb6 13. Bxd5 exd5 14.
Nd3 a5 15. Bh4 a4 16. Nbc1 Be7 17. Bxe7 Nxe7 18. Ne2 d6 19. exd6 Qxd6 20. Nxd4 Be6 21. Nxe6 fxe6 22. Re1 Nc6 23. Qe2 Kd7 24. c3 h4 25.
Rad1 g3 26. fxg3 hxg3 27. h3 Raf8 28. Qg4 Rhg8 29. Qxa4 Rf2 30. Ne5+ Kc7 31. Nxc6 Qxc6 32. Qxc6+ bxc6 33. Rxe6 Rxb2 34. Re7+ Kd6 35. Re3 Rxa2 36.
c4 Kc5 37. cxd5 cxd5 38. Red3 Rg5 39. h4 Rh5 40. Rxg3 Rxh4 41. Rg5 Rd4 42. Rc1+ Rc4 43. Rd1 Rd4 44. Rc1+ Rc4 45. Rd1 Rd4 1/2-1/2

[Event "Late-Titled-Tuesday-Blitz-September-26-2023"]
[Site "Chess.com"]
[Date "2023.09.26"]
[Round "3"]
[White "ShahxaibKhan"]
[Black "ChadBiryani"]
[Result "0-1"]
[WhiteElo "2276"]
[BlackElo "2491"]
[TimeControl "180+1"]
[EndTime "14:27:14 PDT"]
[Termination "ChadBiryani won on time"]

1. e4 g6 2. d4 Bg7 3. h4 h5 4.
Nc3 c5 5. Be3 cxd4 6. Bxd4 Nf6 7.
e5 Ng4 8. e6 f6 9. exd7+ Qxd7 10. f3 Nc6 11. Bb5 Nh6 12. Qd2 Nf5 13. Bf2 Qxd2+ 14.
Kxd2 Bd7 15. Bd3 O-O-O 16. Re1 Bh6+ 17. Ke2 e5 18. g4 Nfd4+ 19. Bxd4 Nxd4+ 20. Kf2 hxg4 21. Bxg6 g3+ 22. Kg2 Rhg8 23. h5 Bc6 24. Be4 Bxe4 25. Nxe4 Nxc2 26. Re2 Nd4 27. Re1 Nc2 28. Re2 Ne3+ 29.
Kh3 g2 30. Rh2 Rd1 31. Rhxg2 Rxg2 32. Rxg2 Nxg2 33. Kxg2 f5 34. Nc3 Rd2+ 35. Kf1 Rxb2 36. Nd5 Kd7 37. Nc3 Rc2 38. Nd1 Rxa2 39. Ne2 Ra1 40. Nc3 b5 41. Ke2 b4 42. Nd5 a5 0-1

[Event "Late-Titled-Tuesday-Blitz-September-26-2023"]
[Site "Chess.com"]
[Date "2023.09.26"]
[Round "3"]
[White "AEMEffi"]
[Black "rose107"]
[Result "1-0"]
[WhiteElo "2358"]
[BlackElo "2083"]
[TimeControl "180+1"]
[EndTime "14:27:15 PDT"]
[Termination "AEMEffi won by resignation"]

1. d4 d5 2. c4 e5 3. dxe5 d4 4.
Nf3 Nc6 5. g3 Nge7 6. Bg2 Ng6 7.
O-O Ngxe5 8. Nxe5 Nxe5 9. Nd2 Be7 10. b3 O-O 11. Bb2 Bf6 12. Ne4 Nc6 13. Nxf6+ Qxf6 14.
Bxc6 Qxc6 15. Qxd4 f6 16. Qd5+ Qxd5 17. cxd5 Bg4 18. f3 Bh3 19. Rfc1 Rfe8 20. Kf2 Re7 21. Rc2 Bf5 22. e4 Bg6 23. Rac1 Rc8 24. d6 Rd7 25. Rxc7 Rdxc7 26. Rxc7 Rd8 27. Ba3 Be8 28. Rxb7 a6 29. Ke3 Bb5 30. Kd4 Kf8 31. f4 Ke8 32. Re7+ Kf8 33. Rc7 Rd7 34. e5 fxe5+ 35. fxe5 Kf7 36. Kd5 Ke8 37. e6 Rd8 38. Rxg7 Kf8 39.
e7+ Ke8 40. exd8=Q+ Kxd8 41. Ke6 Kc8 42. d7+ 1-0